 Dungeon Crawl Stone Soup version 0.30.0-29-ga12c61a403 (webtiles) character file.

Game seed: 5103030606614158332

7602 cheesebisquit the Grappler (level 10, -20/93 HPs)
             Began as a Troll Fighter on June 13, 2023.
             Was a Priest of Wu Jian.
             Demolished by a skeletal warrior
             ... wielding a +1 dire flail of protection
              (28 damage)
             ... on level 7 of the Dungeon.
             The game lasted 00:27:56 (7753 turns).

cheesebisquit the Grappler (Troll Fighter)          Turns: 7753, Time: 00:27:57

Health: -20/93     AC:  7    Str: 26    XL:     10   Next: 97%
Magic:  9/9        EV: 11    Int:  8    God:    Wu Jian [***...]
Gold:   360        SH: 14    Dex:  9    Spells: 9/9 levels left

rFire   + .          .
                       - Unarmed
rCold   + . .        b - +0 kite shield
rNeg    . . .        q - +0 steam dragon scales
rPois   .            g - +0 hat
rElec   .            l - scarf {rC+ rF+}
rCorr   .            (gloves unavailable)
SInv    .            (boots unavailable)
Will    .....        E - amulet of reflection
Stlth   +            (no ring)
HPRegen 1.15/turn    (no ring)
MPRegen 0.11/turn

%: reflection
@: hasted, studying Armour, very quick
A: large, unfitting armour, claws 3, regeneration 1, shaggy fur 1, tough skin 1
a: Renounce Religion, Wall Jump, Serpent's Lash


You were on level 7 of the Dungeon.
You worshipped Wu Jian.
Wu Jian was most pleased with you.
You visited 2 branches of the dungeon, and saw 9 of its levels.

You collected 535 gold pieces.
You spent 175 gold pieces at shops.

Inventory:

Hand Weapons
 x - a +2 dagger of venom
Missiles
 B - 2 poisoned darts (quivered)
 D - a curare-tipped dart
Armour
 b - a +0 kite shield (worn)
 g - a +0 hat (worn)
 l - a scarf of resistance (worn)
 q - +0 steam dragon scales (worn)
Jewellery
 j - a ring of ice
 E - an amulet of reflection (around neck)
Wands
 v - a wand of iceblast (5)
 C - a wand of digging (4)
 H - a wand of paralysis (4)
Scrolls
 a - a scroll of poison {unknown}
 d - a scroll of enchant weapon {unknown}
 e - 2 scrolls of fear
 h - a scroll of vulnerability
 i - 2 scrolls of amnesia {unknown}
 m - a scroll of torment {unknown}
 n - 7 scrolls of teleportation
 o - 2 scrolls of immolation
 r - a scroll of brand weapon {unknown}
 s - 4 scrolls of summoning {unknown}
 t - a scroll of enchant armour {unknown}
 w - 2 scrolls of fog {unknown}
 y - 2 scrolls of noise {unknown}
 z - 2 scrolls of magic mapping
Potions
 c - 3 potions of flight
 f - 5 potions of curing
 k - 2 potions of magic
 p - a potion of brilliance
 u - 2 potions of lignification
 A - a potion of attraction
 F - a potion of berserk rage {unknown}
 G - a potion of cancellation {unknown}


   Skills:
 - Level 4.2 Fighting
 - Level 8.5 Dodging
 - Level 7.3 Shields
 + Level 14.1 Unarmed Combat


You had 9 spell levels left.
You didn't know any spells.
Your spell library contained the following spells:

 Spells                   Type           Power      Damage    Failure   Level
 Summon Small Mammal      Summ           0%         N/A       61%         1
 Call Canine Familiar     Summ           0%         N/A       93%         3
 Ignite Poison            Fire/Tmut/Pois 0%         N/A       93%         3
 Inner Flame              Hex/Fire       0%         N/A       93%         3
 Summon Guardian Golem    Hex/Summ       0%         N/A       93%         3
 Flame Wave               Conj/Fire      0%         2d4       100%        4
 Sticky Flame             Conj/Fire      0%         2d3       100%        4
 Iskenderun's Battlesphe  Conj           0%         2d6       100%        5
 Iron Shot                Conj/Erth      0%         9d1       100%        6
 Spellforged Servitor     Conj/Summ      0%         N/A       100%        7
 Ignition                 Fire           0%         3d3       100%        8


Dungeon Overview and Level Annotations

Branches:
Dungeon (8/15)             Temple (1/1) D:4            Lair (0/5) D:8

Altars:
Ashenzari
Cheibriados
Dithmenos
Elyvilon
Fedhas
Gozag
Hepliaklqana
Kikubaaqudgha
Makhleb
Nemelex Xobeh
Okawaru
Qazlal
Ru
Sif Muna
Trog
Uskayaw
Vehumet
Wu Jian
Xom
Yredelemnul
Zin
The Shining One

Shops:
D:2 [   D:4 *

Annotations:
D:4 3 runed translucent doors, suzumiya's ghost, amateur DrFE


Innate Abilities, Weirdness & Mutations

You are too large for most types of armour.
You have claws for hands.
Your natural rate of healing is unusually fast.
You are covered in fur. (AC +1)
You have tough skin. (AC +1)


Message History

a +0 scale mail; a +0 flail; a +0 giant club You see here a +0 short sword.
Things that are here:
a +0 chain mail; a +0 club A skeletal warrior is nearby!
You lunge at the skeletal warrior.
You scratch the skeletal warrior but do no damage.
You block the skeletal warrior's attack.
You closely miss the skeletal warrior. You closely miss the skeletal warrior.
The skeletal warrior hits you with a +1 dire flail of protection!
You scratch the skeletal warrior but do no damage.
The skeletal warrior hits you with a +1 dire flail of protection!!
You barely miss the skeletal warrior. The skeletal warrior barely misses you.
You barely miss the skeletal warrior.
The skeletal warrior hits you with a +1 dire flail of protection!!
You scratch the skeletal warrior.
The skeletal warrior is lightly damaged.
The skeletal warrior hits you with a +1 dire flail of protection!
You mangle the skeletal warrior!!
The skeletal warrior is heavily damaged.
You claw the skeletal warrior!
The skeletal warrior is heavily damaged.
The skeletal warrior hits you with a +1 dire flail of protection!
* * * LOW HITPOINT WARNING * * *
You mangle the skeletal warrior!!
The skeletal warrior is almost destroyed.
The skeletal warrior hits you with a +1 dire flail of protection.
* * * LOW HITPOINT WARNING * * *
You scratch the skeletal warrior but do no damage.
The skeletal warrior is almost destroyed.
The skeletal warrior hits you with a +1 dire flail of protection!
* * * LOW HITPOINT WARNING * * *
You scratch the skeletal warrior but do no damage.
The skeletal warrior is almost destroyed.
The skeletal warrior hits you with a +1 dire flail of protection!
* * * LOW HITPOINT WARNING * * *
You feel yourself speed up.
The skeletal warrior hits you with a +1 dire flail of protection!!
You die...

♣[♣.# ###.....### ♣.♣ *,,*,,,
.♣)♣#♣♣#.........#♣♣#♣♣.♣♣#,,*,,,
♣.♣..)[[....~.)....[...♣..#,,****
.♣.♣#♣♣#.........#♣♣#♣♣.♣♣#,,*
♣.♣.# ###.....### ♣.♣ *,** #.###
####### #.# *,*
♣♣♣,*****♣♣...*♣♣♣♣♣ ♣♣.♣♣*,*
***,**,*,♣.~~~.♣)♣.♣♣♣...♣#,*
*,*,,,,,,..~~~(z@.[)......#,*
*,*,**,*,♣.~~~.♣.♣.♣♣♣...♣#,*
,,,,*****♣♣...*♣♣♣♣♣ ♣♣.♣♣*,*
**********#..,********###**,*
,,,,,,,,,...,,,,,,,,,,,,,,,,*
*,,,,,,,,..,,,,,,,******,****
,,*,,,,**#**,,**,,,*** *,,**
,,,,**,,***,,*****,,,* **,,**
,******,>**,*** ***,** **,,*


You could see a skeletal warrior.

Vanquished Creatures
  A boulder beetle (D:7)
  2 skeletal warriors (D:8)
  Maggie (D:8)
  An unseen horror (D:8)
  A troll (D:7)
  Grinder (D:3)
  Sigmund (D:5)
  2 wyverns
  Eustachio (D:5)
  2 steam dragons (D:7)
  2 water moccasins
  Duvessa (D:5)
  A black bear (D:6)
  2 sky beasts
  4 ice beasts
  4 orc warriors (D:7)
  3 ogres
  3 centaurs
  2 phantoms (D:6)
  3 bullfrogs
  A kobold brigand (D:5)
  4 scorpions
  3 wights
  Dowan (D:5)
  5 killer bees (D:7)
  A howler monkey (D:7)
  4 hounds
  8 jellies
  7 orc priests
  3 iguanas
  A gnoll bouda (D:7)
  8 orc wizards
  Robin (D:3)
  4 gnolls
  10 adders
  2 white imps (D:7)
  A worm (D:4)
  2 dart slugs
  39 orcs
  4 bats
  5 endoplasms
  6 giant cockroaches
  23 goblins
  18 hobgoblins
  4 quokkas
  4 ball pythons
  4 frilled lizards
  14 kobolds
  2 rats (D:3)
227 creatures vanquished.

Notes
Turn   | Place    | Note
-------+----------+-------------------------------------------
     0 | D:1      | cheesebisquit the Troll Fighter began the quest for the
                  | Orb.
     0 | D:1      | Reached XP level 1. HP: 22/22 MP: 0/0
   289 | D:1      | Reached skill level 3 in Unarmed Combat
   289 | D:1      | Reached XP level 2. HP: 24/29 MP: 1/1
   573 | D:1      | Reached XP level 3. HP: 35/36 MP: 2/2
  1185 | D:2      | Reached XP level 4. HP: 40/44 MP: 3/3
  1216 | D:2      | Found Viyloh's Antique Armour Shoppe.
  1515 | D:2      | Reached XP level 5. HP: 31/50 MP: 4/4
  1714 | D:3      | Noticed Grinder
  1727 | D:3      | Killed Grinder
  1728 | D:3      | Reached skill level 5 in Unarmed Combat
  1728 | D:3      | Reached XP level 6. HP: 47/59 MP: 5/5
  1820 | D:3      | Found a faded altar of an unknown god.
  1883 | D:3      | Noticed Robin
  1894 | D:3      | Killed Robin
  2330 | D:3      | Reached skill level 6 in Unarmed Combat
  2460 | D:4      | Found a staircase to the Ecumenical Temple.
  2545 | D:4      | Reached XP level 7. HP: 60/66 MP: 6/6
  2548 | D:4      | Identified 2 scrolls of acquirement
  2548 | D:4      | Acquired a manual of Unarmed Combat
  2550 | D:4      | Acquired a manual of Armour
  2600 | D:4      | Noticed suzumiya's ghost (amateur DrFE)
  2669 | Temple   | Entered the Ecumenical Temple
  3114 | Temple   | Became a worshipper of the Wu Jian Council
  3663 | D:4      | Found a runed translucent gate.
  3663 | D:4      | Found a runed translucent gate.
  3663 | D:4      | Found a runed translucent gate.
  3716 | D:4      | Found Monesk's General Store.
  3724 | D:4      | Found Cireeqeu's Distillery.
  3728 | D:4      | Bought a scroll of identify for 28 gold pieces
  3728 | D:4      | Bought a scroll of magic mapping for 105 gold pieces
  3728 | D:4      | Bought a potion of attraction for 42 gold pieces
  3945 | D:5      | Entered Level 5 of the Dungeon
  3962 | D:5      | Reached skill level 7 in Unarmed Combat
  3995 | D:5      | Reached * piety under Wu Jian
  4036 | D:5      | Noticed Eustachio
  4048 | D:5      | Noticed Duvessa
  4052 | D:5      | Noticed Dowan
  4257 | D:5      | Noticed Sigmund
  4264 | D:5      | Killed Sigmund
  4265 | D:5      | Reached skill level 9 in Unarmed Combat
  4265 | D:5      | Reached XP level 8. HP: 73/78 MP: 7/7
  4394 | D:5      | Killed Duvessa
  4399 | D:5      | Killed Dowan
  4528 | D:5      | Killed Eustachio
  4529 | D:5      | Reached skill level 10 in Unarmed Combat
  4795 | D:6      | Reached skill level 5 in Shields
  4978 | D:6      | Identified the +9 quarterstaff of Diet Blood {vamp, rN+
                  | rCorr Str-4 Int+2}
  5135 | D:6      | Reached XP level 9. HP: 69/84 MP: 8/8
  5414 | D:7      | Noticed a troll
  5416 | D:7      | Reached ** piety under Wu Jian
  5423 | D:7      | Killed a troll
  5455 | D:7      | Noticed a boulder beetle
  5460 | D:7      | Reached skill level 5 in Dodging
  5504 | D:7      | Killed a boulder beetle
  5505 | D:7      | Reached XP level 10. HP: 43/93 MP: 9/9
  5674 | D:7      | Reached *** piety under Wu Jian
  5861 | D:7      | Found a shimmering blue altar of Sif Muna.
  5865 | D:7      | Found a hide-covered altar of Uskayaw.
  6155 | D:8      | Found a staircase to the Lair.
  6235 | D:7      | Reached skill level 11 in Unarmed Combat
  6360 | D:8      | Noticed a skeletal warrior
  6361 | D:8      | Noticed a skeletal warrior
  6363 | D:8      | Noticed a skeletal warrior
  6380 | D:8      | Killed a skeletal warrior
  6381 | D:8      | Reached skill level 12 in Unarmed Combat
  6591 | D:8      | Reached skill level 13 in Unarmed Combat
  6720 | D:8      | Killed a skeletal warrior
  7043 | D:8      | Noticed Maggie
  7053 | D:8      | Killed Maggie
  7054 | D:8      | Reached skill level 14 in Unarmed Combat
  7546 | D:8      | Found a staircase to the Lair.
  7753 | D:7      | Demolished by a skeletal warrior

Illustrated notes

Levels and vault maps discovered:
D:1:      matt_arrival_los_fun, layout_loops_corners,
          chequers_serial_rivers_small_a, skrybe_limestone_x,
          minmay_tetromino_l4
D:2:      minmay_evil_eye, layout_rooms, serial_shops, shop
D:3:      layout_loops_ring, basic_ecumenical_altar, uniq_robin, uniq_grinder
D:4:      cheibrodos_greedy_goblins, layout_gridville,
          minmay_temple_entry_butterflies, gammafunk_ghost_icy,
          nicolae_ossuary_entry_monument, nicolae_wooded_promenade
D:5:      layout_cave_pools, uniq_sigmund, uniq_duvessa, uniq_eustachio
D:6:      layout_basic
D:7:      nzn_winding_woodlands_medium [nzn_winding_woodlands_5x5_open_star,
          nzn_winding_woodlands_5x15_pool, nzn_winding_woodlands_5x5_three,
          nzn_winding_woodlands_5x5_cross, nzn_winding_woodlands_center_garden,
          nzn_winding_woodlands_5x5_checkerboard,
          nzn_winding_woodlands_hourglass, nzn_winding_woodlands_5x15_cabin,
          nzn_winding_woodlands_5x5_default], layout_rooms,
          grunt_temple_overflow_open
D:8:      layout_loops_ring, lair_entry_dummy, uniq_maggie
Temple:   mainiacjoe_temple_big_plus

Skill      XL: |  1  2  3  4  5  6  7  8  9 10 |
---------------+-------------------------------+-----
Unarmed Combat | 3 5 6 9 10 14 | 14.1
Shields        | 3 4 6 7 |  7.3
Fighting       | 4 |  4.2
Dodging        | 7 8 |  8.5

Action                     |  1- 3 |  4- 6 |  7- 9 | 10-12 || total
---------------------------+-------+-------+-------+-------++-------
  Melee: Unarmed           |    68 |   149 |   262 |   198 ||   677
  Throw: Dart              |       |     3 |     8 |     3 ||    14
Ability: Lunge             |       |       |    20 |    15 ||    35
         Whirlwind         |       |       |    23 |     5 ||    28
    Use: Potion            |       |     1 |     1 |     1 ||     3
         Scroll            |       |     1 |    11 |     2 ||    14
   Stab: Sleeping          |       |     1 |       |       ||     1
 Armour: Robe              |    11 |    24 |       |       ||    35
         Animal skin       |       |     5 |    44 |       ||    49
         Steam dragon scal |       |       |       |    23 ||    23
  Dodge: Dodged            |    19 |    45 |    74 |    29 ||   167
  Block: Kite shield       |    21 |    46 |    86 |    79 ||   232
         Reflection        |       |       |     3 |     1 ||     4
